TOP OF THE 1ST |
Riverside Red Bulls batting - Pitching for Culver City Extras : RHP Doug Spencer
|
Pitching: RHP Doug Spencer
|
|
Batting: SHB Carlos Ramírez
|
0-0: Called Strike 0-1: Foul Ball, location: 2F 0-2: Ball 1-2: Ball 2-2: Ball 3-2: Fly out, F7 (Flyball, 7LD)
|
Batting: RHB Bobby Miller
|
0-0: SINGLE (Groundball, 6MD)
|
Batting: SHB Enrique Uribe
|
0-0: DOUBLE (Line Drive, 7LM) Bobby Miller to third Runner from 3rd tries for Home, SAFE, throw made at trailing runner, OUT at third!
|
Batting: LHB Gabriel Estrada
|
0-0: Called Strike 0-1: Foul Ball, location: 2F 0-2: Foul Ball, location: 2F 0-2: Ball 1-2: SINGLE (Line Drive, 6MD)
|
Batting: LHB Miguel Gálvez
|
0-0: Ball 1-0: Fly out, F8 (Flyball, 8RD)
|
Top of the 1st over - 1 run, 3 hits, 0 errors, 1 left on base; Riverside 1 - Culver City 0 |
BOTTOM OF THE 1ST |
Culver City Extras batting - Pitching for Riverside Red Bulls : RHP Ricardo Marino
|
Pitching: RHP Ricardo Marino
|
|
Batting: LHB Juan Hinojosa
|
0-0: Called Strike 0-1: Swinging Strike 0-2: Ball 1-2: Strikes out swinging
|
Batting: RHB Jason McIntosh
|
0-0: Ground out 4-3 (Groundball, 4)
|
Batting: LHB Ernesto Meléndez
|
0-0: Foul Ball, location: 2F 0-1: Fly out, F6 (Line Drive, 6M)
|
Bottom of the 1st over - 0 runs, 0 hits, 0 errors, 0 left on base; Riverside 1 - Culver City 0 |
TOP OF THE 2ND |
Riverside Red Bulls batting - Pitching for Culver City Extras : RHP Doug Spencer
|
Batting: RHB Robert Stevens
|
0-0: Called Strike 0-1: Ball 1-1: Reached on error, E6 (Groundball, 6MS)
|
Batting: RHB Rich Crabtree
|
0-0: Called Strike 0-1: Foul Ball, location: 2F 0-2: Foul Ball, location: 2F 0-2: Foul Ball, location: 2F 0-2: Ball 1-2: Fly out, F8 (Line Drive, 8RM)
|
Batting: SHB Ángel Estrada
|
0-0: Called Strike 0-1: Called Strike 0-2: Ball 1-2: Strikes out looking
|
Batting: RHB Juan Morales
|
0-0: Ball 1-0: Ball 2-0: Ball 3-0: Base on Balls Robert Stevens to second
|
Batting: SHB Carlos Ramírez
|
0-0: Foul Ball, location: 2F 0-1: Ball 1-1: Ball 2-1: Ball 3-1: Base on Balls Robert Stevens to third Juan Morales to second
|
Batting: RHB Bobby Miller
|
0-0: Ball 1-0: Ball 2-0: Swinging Strike 2-1: SINGLE (Flyball, 78S) Robert Stevens scores Juan Morales to third Carlos Ramírez to second Runner from 3rd tries for Home, SAFE, no throw
|
Batting: SHB Enrique Uribe
|
0-0: Foul Ball, location: 2F 0-1: Ball 1-1: Foul Ball, location: 2F 1-2: Ball 2-2: Foul Ball, location: 2F 2-2: Ground out 4-3 (Groundball, 34)
|
Top of the 2nd over - 2 runs, 1 hit, 1 error, 2 left on base; Riverside 3 - Culver City 0 |
BOTTOM OF THE 2ND |
Culver City Extras batting - Pitching for Riverside Red Bulls : RHP Ricardo Marino
|
Batting: LHB Iván Espinosa
|
0-0: Ball 1-0: Called Strike 1-1: Foul Ball, location: 2F 1-2: Ball 2-2: SINGLE (Groundball, 4MD)
|
Batting: LHB Tony Smith
|
0-0: Called Strike 0-1: Swinging Strike 0-2: Ball 1-2: Fly out, F7 (Flyball, 7)
|
Batting: RHB Dave Anderson
|
0-0: DOUBLE (Line Drive, 8LD) Iván Espinosa to third
|
Batting: LHB Richard Bell
|
0-0: Ball 1-0: Ball 2-0: Called Strike 2-1: Reached on error, E4 (Groundball, 4) Iván Espinosa scores Dave Anderson to third
|
Batting: RHB John Stevens
|
Pickoff Throw to First - Out! 0-0: Called Strike 0-1: Ball 1-1: Ball 2-1: Ball 3-1: Called Strike 3-2: Strikes out swinging
|
Bottom of the 2nd over - 1 run, 2 hits, 1 error, 1 left on base; Riverside 3 - Culver City 1 |
TOP OF THE 3RD |
Riverside Red Bulls batting - Pitching for Culver City Extras : RHP Doug Spencer
|
Batting: LHB Gabriel Estrada
|
0-0: DOUBLE (Flyball, 78XD)
|
Batting: LHB Miguel Gálvez
|
0-0: Called Strike 0-1: Foul Ball, location: 2F 0-2: Ground out 6-3 (Groundball, 6) Gabriel Estrada to third
|
Batting: RHB Robert Stevens
|
0-0: Ball 1-0: Called Strike 1-1: Called Strike 1-2: Foul Ball, location: 2F 1-2: Strikes out swinging
|
Batting: RHB Rich Crabtree
|
0-0: Called Strike 0-1: Ball 1-1: SINGLE (Groundball, 6MS) (infield hit) Gabriel Estrada scores
|
Batting: SHB Ángel Estrada
|
0-0: Called Strike 0-1: Called Strike 0-2: Strikes out swinging
|
Top of the 3rd over - 1 run, 2 hits, 0 errors, 1 left on base; Riverside 4 - Culver City 1 |
BOTTOM OF THE 3RD |
Culver City Extras batting - Pitching for Riverside Red Bulls : RHP Ricardo Marino
|
Batting: LHB Francisco Chavero
|
0-0: Ball 1-0: Ball 2-0: Foul Ball, location: 2F 2-1: Foul Ball, location: 2F 2-2: Foul Ball, location: 2F 2-2: Ball 3-2: Ground out 5-3 (Groundball, 56)
|
Batting: LHB Juan Hinojosa
|
0-0: Ball 1-0: Called Strike 1-1: Foul Ball, location: 2F 1-2: Ground out U3 (Groundball, 3)
|
Batting: RHB Jason McIntosh
|
0-0: Ball 1-0: Foul Ball, location: 2F 1-1: Ball 2-1: Fly out, F9 (Flyball, 89M)
|
Bottom of the 3rd over - 0 runs, 0 hits, 0 errors, 0 left on base; Riverside 4 - Culver City 1 |
TOP OF THE 4TH |
Riverside Red Bulls batting - Pitching for Culver City Extras : RHP Doug Spencer
|
Batting: RHB Juan Morales
|
0-0: Swinging Strike 0-1: Reached on error, E6 (Groundball, 6)
|
Batting: SHB Carlos Ramírez
|
0-0: Ball 1-0: Ball 2-0: Ball 3-0: Called Strike 3-1: Swinging Strike 3-2: Foul Ball, location: 2F 3-2: 2-RUN HOME RUN (Flyball, 9LD), Distance : 355 ft
|
Batting: RHB Bobby Miller
|
0-0: Foul Ball, location: 2F 0-1: Foul Ball, location: 2F 0-2: Foul Ball, location: 2F 0-2: Ball 1-2: Foul Ball, location: 2F 1-2: Ball 2-2: SINGLE (Groundball, 6MD)
|
Batting: SHB Enrique Uribe
|
0-0: Ball 1-0: Ball 2-0: Ball 3-0: Base on Balls Bobby Miller to second
|
Batting: LHB Gabriel Estrada
|
0-0: Ball 1-0: Foul Ball, location: 2F 1-1: Fielders Choice at 2nd, 6-4 (Groundball, 6) Bobby Miller to third
|
Batting: LHB Miguel Gálvez
|
0-0: Ball 1-0: Fly out, F8 (Flyball, 8RM)
|
Batting: RHB Robert Stevens
|
0-0: Ball 1-0: SINGLE (Line Drive, 34) Bobby Miller scores Gabriel Estrada to second Runner from 2nd tries for 3rd, SAFE, no throw
|
Batting: RHB Rich Crabtree
|
0-0: Called Strike 0-1: Swinging Strike 0-2: Ball 1-2: Ball 2-2: 3-RUN HOME RUN (Flyball, 7LD), Distance : 318 ft
|
Batting: SHB Ángel Estrada
|
0-0: Foul Ball, location: 2F 0-1: SINGLE (Groundball, 4MD)
|
Batting: RHB Juan Morales
|
0-0: Called Strike 0-1: Ball 1-1: 2-RUN HOME RUN (Flyball, 7LD), Distance : 322 ft
|
Batting: SHB Carlos Ramírez
|
0-0: Called Strike 0-1: SINGLE (Groundball, 34D)
|
Batting: RHB Bobby Miller
|
0-0: Called Strike 0-1: Ball 1-1: Ball 2-1: Ball 3-1: Base on Balls Carlos Ramírez to second
|
Batting: SHB Enrique Uribe
|
0-0: Fielders Choice at 2nd, 6-4 (Groundball, 6)
|
Top of the 4th over - 8 runs, 7 hits, 1 error, 2 left on base; Riverside 12 - Culver City 1 |
BOTTOM OF THE 4TH |
Culver City Extras batting - Pitching for Riverside Red Bulls : RHP Ricardo Marino
|
Batting: LHB Ernesto Meléndez
|
0-0: Ball 1-0: Swinging Strike 1-1: SOLO HOME RUN (Line Drive, 89XD), Distance : 440 ft
|
Batting: LHB Iván Espinosa
|
0-0: Ball 1-0: Swinging Strike 1-1: Ball 2-1: Ball 3-1: Base on Balls
|
Batting: LHB Tony Smith
|
0-0: Ball 1-0: Ball 2-0: Called Strike 2-1: Swinging Strike 2-2: Ball 3-2: Fly out, F4 (Popup, 4MS)
|
Batting: RHB Dave Anderson
|
0-0: Ball 1-0: Ball 2-0: Called Strike 2-1: 2-RUN HOME RUN (Flyball, 9LD), Distance : 348 ft
|
Batting: LHB Richard Bell
|
0-0: Ball 1-0: Swinging Strike 1-1: Foul Ball, location: 2F 1-2: Ball 2-2: Ball 3-2: Foul Ball, location: 2F 3-2: Fly out, F8 (Flyball, 8LM)
|
Batting: RHB John Stevens
|
0-0: Ball 1-0: Called Strike 1-1: Ball 2-1: Ground out 3-1 (Groundball, 34S)
|
Bottom of the 4th over - 3 runs, 2 hits, 0 errors, 0 left on base; Riverside 12 - Culver City 4 |
TOP OF THE 5TH |
Riverside Red Bulls batting - Pitching for Culver City Extras : RHP Doug Spencer
|
Batting: LHB Gabriel Estrada
|
0-0: Swinging Strike 0-1: Ball 1-1: Ball 2-1: Swinging Strike 2-2: Foul Ball, location: 2F 2-2: Strikes out swinging
|
Batting: LHB Miguel Gálvez
|
0-0: Ball 1-0: Foul Ball, location: 2F 1-1: Ground out U3 (Groundball, 3)
|
Batting: RHB Robert Stevens
|
0-0: Ball 1-0: Ground out 6-3 (Groundball, 56D)
|
Top of the 5th over - 0 runs, 0 hits, 0 errors, 0 left on base; Riverside 12 - Culver City 4 |
BOTTOM OF THE 5TH |
Culver City Extras batting - Pitching for Riverside Red Bulls : RHP Ricardo Marino
|
Batting: LHB Francisco Chavero
|
0-0: Foul Ball, location: 2F 0-1: Ball 1-1: Foul Ball, location: 2F 1-2: Strikes out swinging
|
Batting: LHB Juan Hinojosa
|
0-0: Called Strike 0-1: Ball 1-1: Foul Ball, location: 2F 1-2: Strikes out looking
|
Batting: RHB Jason McIntosh
|
0-0: Ball 1-0: Called Strike 1-1: Ball 2-1: Swinging Strike 2-2: Strikes out looking
|
Bottom of the 5th over - 0 runs, 0 hits, 0 errors, 0 left on base; Riverside 12 - Culver City 4 |
TOP OF THE 6TH |
Riverside Red Bulls batting - Pitching for Culver City Extras : RHP Doug Spencer
|
Batting: RHB Rich Crabtree
|
0-0: Called Strike 0-1: Ball 1-1: Ball 2-1: Ball 3-1: Foul Ball, location: 2F 3-2: Strikes out looking
|
Batting: SHB Ángel Estrada
|
0-0: Foul Ball, location: 2F 0-1: Ball 1-1: Foul Ball, location: 2F 1-2: SINGLE (Flyball, 9LM)
|
Pitching: RHP Mauro Martínez
|
|
Batting: RHB Juan Morales
|
0-0: Foul Ball, location: 2F 0-1: Ball 1-1: Grounds into double play, 6-4-3 (Groundball, 6)
|
Top of the 6th over - 0 runs, 1 hit, 0 errors, 0 left on base; Riverside 12 - Culver City 4 |
BOTTOM OF THE 6TH |
Culver City Extras batting - Pitching for Riverside Red Bulls : RHP Ricardo Marino
|
Batting: LHB Ernesto Meléndez
|
0-0: Ball 1-0: Fly out, F4 (Line Drive, 4)
|
Batting: LHB Iván Espinosa
|
0-0: Foul Ball, location: 2F 0-1: Ball 1-1: Fly out, F5 (Flyball, 5D)
|
Batting: LHB Tony Smith
|
0-0: Ball 1-0: Swinging Strike 1-1: Foul Ball, location: 2F 1-2: Ground out 5-3 (Groundball, 56)
|
Bottom of the 6th over - 0 runs, 0 hits, 0 errors, 0 left on base; Riverside 12 - Culver City 4 |
TOP OF THE 7TH |
Riverside Red Bulls batting - Pitching for Culver City Extras : RHP Mauro Martínez
|
Batting: SHB Carlos Ramírez
|
0-0: Ground out 1-3 (Groundball, 13)
|
Batting: RHB Bobby Miller
|
0-0: Ball 1-0: Foul Ball, location: 2F 1-1: Foul Ball, location: 2F 1-2: Foul Ball, location: 2F 1-2: Ground out 4-3 (Groundball, 4M)
|
Batting: SHB Enrique Uribe
|
0-0: Ball 1-0: Foul Ball, location: 2F 1-1: Ball 2-1: Foul Ball, location: 2F 2-2: Foul Ball, location: 2F 2-2: Ball 3-2: SINGLE (Groundball, 4MD)
|
Batting: LHB Gabriel Estrada
|
0-0: Called Strike 0-1: Foul Ball, location: 2F 0-2: Ball 1-2: Fly out, F3 (Line Drive, 3L)
|
Top of the 7th over - 0 runs, 1 hit, 0 errors, 1 left on base; Riverside 12 - Culver City 4 |
BOTTOM OF THE 7TH |
Culver City Extras batting - Pitching for Riverside Red Bulls : RHP Ricardo Marino
|
Batting: RHB Dave Anderson
|
0-0: Ball 1-0: Called Strike 1-1: Fly out, F8 (Flyball, 8LD)
|
Batting: LHB Richard Bell
|
0-0: Called Strike 0-1: Foul Ball, location: 2F 0-2: Ground out 6-3 (Groundball, 6)
|
Batting: RHB John Stevens
|
0-0: Ball 1-0: Ball 2-0: Fly out, F7 (Flyball, 7S)
|
Bottom of the 7th over - 0 runs, 0 hits, 0 errors, 0 left on base; Riverside 12 - Culver City 4 |
TOP OF THE 8TH |
Riverside Red Bulls batting - Pitching for Culver City Extras : RHP Mauro Martínez
|
Batting: LHB Miguel Gálvez
|
0-0: DOUBLE (Line Drive, 89S)
|
Batting: RHB Robert Stevens
|
0-0: Ball 1-0: Ball 2-0: SINGLE (Groundball, 6D) Miguel Gálvez to third Runner from 3rd tries for Home, SAFE, no throw
|
Batting: RHB Rich Crabtree
|
0-0: Ball 1-0: Fly out, F3 (Popup, 3S)
|
Batting: SHB Ángel Estrada
|
0-0: Foul Ball, location: 2F 0-1: Called Strike 0-2: Ball 1-2: Ball 2-2: Strikes out swinging
|
Batting: RHB Juan Morales
|
0-0: Ball 1-0: Foul Ball, location: 2F 1-1: Swinging Strike 1-2: Ball 2-2: Ball 3-2: Strikes out looking
|
Top of the 8th over - 1 run, 2 hits, 0 errors, 1 left on base; Riverside 13 - Culver City 4 |
BOTTOM OF THE 8TH |
Culver City Extras batting - Pitching for Riverside Red Bulls : RHP Ricardo Marino
|
Pitching: RHP Will Robinson
|
|
Batting: LHB Francisco Chavero
|
0-0: Called Strike 0-1: Foul Ball, location: 2F 0-2: Ball 1-2: Ground out 4-3 (Groundball, 4)
|
Batting: LHB Juan Hinojosa
|
0-0: Ball 1-0: Ball 2-0: SINGLE (Line Drive, 89S)
|
Batting: RHB Jason McIntosh
|
0-0: Called Strike 0-1: Ball 1-1: Fly out, F7 (Line Drive, 7)
|
Batting: LHB Ernesto Meléndez
|
0-0: Ball 1-0: Ball 2-0: Ball 3-0: Called Strike 3-1: Ground out 1-3 (Groundball, P)
|
Bottom of the 8th over - 0 runs, 1 hit, 0 errors, 1 left on base; Riverside 13 - Culver City 4 |
TOP OF THE 9TH |
Riverside Red Bulls batting - Pitching for Culver City Extras : RHP Mauro Martínez
|
Pitching: LHP Henry Brown
|
|
Batting: SHB Carlos Ramírez
|
0-0: Ball 1-0: Swinging Strike 1-1: Foul Ball, location: 2F 1-2: Ball 2-2: Strikes out looking
|
Batting: RHB Bobby Miller
|
0-0: Foul Ball, location: 2F 0-1: Ball 1-1: Ball 2-1: Ball 3-1: Ground out 1-3 (Groundball, 15S)
|
Batting: SHB Enrique Uribe
|
0-0: Ball 1-0: Swinging Strike 1-1: Ball 2-1: Ball 3-1: Called Strike 3-2: Foul Ball, location: 2F 3-2: Foul Ball, location: 2F 3-2: Foul Ball, location: 2F 3-2: Foul Ball, location: 2F 3-2: Fly out, F7 (Flyball, 7LS)
|
Top of the 9th over - 0 runs, 0 hits, 0 errors, 0 left on base; Riverside 13 - Culver City 4 |
BOTTOM OF THE 9TH |
Culver City Extras batting - Pitching for Riverside Red Bulls : RHP Will Robinson
|
Now at 2B: Luis Flores
|
|
Now at 3B: Pete Woods
|
|
Batting: LHB Iván Espinosa
|
0-0: SOLO HOME RUN (Flyball, 89XD), Distance : 427 ft
|
Batting: LHB Tony Smith
|
0-0: Foul Ball, location: 2F 0-1: DOUBLE (Line Drive, 89M)
|
Batting: RHB Dave Anderson
|
0-0: Called Strike 0-1: Ball 1-1: Ball 2-1: 2-RUN HOME RUN (Flyball, 7LD), Distance : 322 ft
|
Pitching: RHP Juan Herrera
|
|
Batting: LHB Richard Bell
|
0-0: Foul Ball, location: 2F 0-1: Ground out U3 (Groundball, 34S)
|
Batting: RHB John Stevens
|
0-0: SINGLE (Groundball, 56D)
|
Batting: LHB Francisco Chavero
|
0-0: Ball 1-0: 2-RUN HOME RUN (Flyball, 89XD), Distance : 420 ft
|
Pitching: RHP Ricardo López
|
|
Batting: LHB Juan Hinojosa
|
0-0: Ball 1-0: Ball 2-0: Called Strike 2-1: Ball 3-1: Base on Balls
|
Batting: RHB Jason McIntosh
|
0-0: Called Strike 0-1: 2-RUN HOME RUN (Flyball, 7D), Distance : 367 ft
|
Pitching: LHP Pepe Gómez
|
|
Batting: LHB Ernesto Meléndez
|
0-0: Ball 1-0: Swinging Strike 1-1: Called Strike 1-2: Ball 2-2: Strikes out swinging
|
Batting: LHB Iván Espinosa
|
0-0: Ball 1-0: Swinging Strike 1-1: Foul Ball, location: 2F 1-2: Foul Ball, location: 2F 1-2: Foul Ball, location: 2F 1-2: Strikes out swinging
|
Bottom of the 9th over - 7 runs, 6 hits, 0 errors, 0 left on base; Riverside 13 - Culver City 11 |
|